 Dungeon Crawl Stone Soup version 0.24-a0-640-ge7cd8ce796 (webtiles) character file.

Game seed: 16877295047337675809, levelgen mode: deterministic

177511 Peloso the Peltast (level 17, -2/158 HPs)
             Began as a Minotaur Fighter on Sept 24, 2019.
             Was an Initiate of Gozag.
             Slain by a seven-headed hydra (9 damage)
             ... on level 4 of the Swamp.
             The game lasted 01:44:06 (31978 turns).

Peloso the Peltast (Minotaur Fighter)              Turns: 31978, Time: 01:44:07

Health: -2/158     AC: 29    Str: 27    XL:     17   Next: 54%
Magic:  17/17      EV:  9    Int:  9    God:    Gozag
Gold:   2392       SH: 19    Dex: 16    Spells: 17/17 levels left

rFire    + + .     SeeInvis +   a - +5 scimitar (flame)
rCold    . . .     Gourm    .   c - +0 shield
rNeg     . . .     Faith    .   K - +2 gold dragon scales
rPois    +         Spirit   .   (helmet unavailable)
rElec    .         Reflect  +   N - scarf {repulsion}
rCorr    .         Harm     .   R - +0 pair of fencer's gloves {Riposte Dex+3}
MR       +....                  D - +1 pair of boots
Stlth    ..........             I - amulet of Aczogici {Reflect Str+2 Int+4 SH+3}
HPRegen  0.36/turn              L - ring "Hyetiol" {Slay+4 SInv}
MPRegen  0.15/turn              w - ring "Kofyelill" {Fire *Slow +Blink rPois Stlth+}

@: about to teleport, gold aura, very slightly contaminated, repel missiles
A: retaliatory headbutt, horns 3, molten scales 1
a: Potion Petition, Call Merchant, Bribe Branch, Renounce Religion, Evoke Blink


You were on level 4 of the Swamp.
You worshipped Gozag.
Gozag was most pleased with you.
You were not hungry.

You visited 5 branches of the dungeon, and saw 28 of its levels.
You also visited: Gauntlet, Ice Cave and Volcano.

You collected 10792 gold pieces.
You spent 1809 gold pieces at shops.
You paid 6591 gold pieces to Gozag.

Inventory:

Hand Weapons
 a - a +5 scimitar of flaming (weapon)
Armour
 c - a +0 shield (worn)
 q - a cursed +0 plate armour
 D - a +1 pair of boots (worn)
 K - +2 gold dragon scales (worn)
 N - a scarf of repulsion (worn)
 R - the +0 pair of fencer's gloves (worn) {Riposte Dex+3}
   (You found it in a Gauntlet)

   It affects your dexterity (+3).
Jewellery
 g - an uncursed ring of resist corrosion
 h - a cursed +4 ring of dexterity {unknown}
 m - an uncursed ring of magical power
 w - the ring "Kofyelill" (right hand) {Fire *Slow +Blink rPois Stlth+}
   (You found it in an ice cave)

   [ring of fire]

   It enhances your fire magic.
   It protects you from fire.
   It makes you vulnerable to cold.
   It protects you from poison.
   It lets you blink.
   It may slow you when you take damage.
   It makes you more stealthy.
 I - the amulet of Aczogici (around neck) {Reflect Str+2 Int+4 SH+3}
   (You found it in an ice cave)

   [amulet of reflection]

   It shields you and reflects attacks.
   It affects your strength (+2).
   It affects your intelligence (+4).
   It affects your SH (+3).
 L - the ring "Hyetiol" (left hand) {Slay+4 SInv}
   (You found it in an ice cave)

   [ring of see invisible]

   It affects your accuracy and damage with ranged weapons and melee attacks
   (+4).
   It lets you see invisible.
Wands
 i - a wand of digging (9)
 j - a wand of acid (12)
Scrolls
 b - 2 scrolls of enchant weapon
 d - a scroll of amnesia
 e - 2 scrolls of noise
 k - 2 scrolls of identify
 n - a scroll of enchant armour
 p - 6 scrolls of teleportation
 t - 2 scrolls of fog
 y - 6 scrolls of remove curse
 G - a scroll of torment
 H - a scroll of magic mapping
 O - a scroll of fear {unknown}
 S - 2 scrolls of blinking
Potions
 l - a potion of agility
 o - 5 potions of haste
 s - 2 potions of ambrosia
 v - a potion of resistance
 x - 3 potions of curing
 B - 2 potions of berserk rage
 E - a potion of invisibility
 F - 5 potions of flight {unknown}
 T - 2 potions of cancellation {unknown}
 V - 3 potions of might
Miscellaneous
 r - a crystal ball of energy
Comestibles
 f - 25 rations


   Skills:
 + Level 16.1 Fighting
 + Level 17.5 Long Blades
 + Level 1.3 Throwing
 + Level 16.7 Armour
 + Level 5.0 Dodging
 + Level 3.8 Stealth
 + Level 18.9 Shields
 + Level 1.5 Unarmed Combat
 + Level 0.8 Spellcasting
 + Level 2.1 Evocations


You had 17 spell levels left.
You didn't know any spells.
Your spell library contained the following spells:

 Spells                   Type           Power        Failure   Level  Hunger
 Magic Dart               Conj           #...         100%        1    ##.....
 Summon Small Mammal      Summ           #...         100%        1    ##.....
 Call Imp                 Summ           #.......     100%        2    ###....
 Searing Ray              Conj           #.....       100%        2    ###....
 Call Canine Familiar     Summ           #.......     100%        3    ####...
 Dazzling Spray           Conj/Hex       #.....       100%        3    ####...
 Recall                   Summ/Tloc      N/A          100%        3    ####...
 Summon Guardian Golem    Hex/Summ       #.......     100%        3    ####...
 Force Lance              Conj/Tloc      #.......     100%        4    #####..
 Fulminant Prism          Conj/Hex       #.........   100%        4    #####..
 Iskenderun's Mystic Bla  Conj           #.......     100%        4    #####..
 Leda's Liquefaction      Hex/Erth       #.........   100%        4    #####..
 Summon Ice Beast         Ice/Summ       #.......     100%        4    #####..
 Summon Lightning Spire   Summ/Air       #.......     100%        4    #####..
 Aura of Abjuration       Summ           #.........   100%        5    ######.
 Bolt of Magma            Conj/Fire/Erth #.........   100%        5    ######.
 Summon Demon             Summ           #.........   100%        5    ######.
 Summon Forest            Summ/Tloc      #.........   100%        5    ######.
 Summon Mana Viper        Hex/Summ       #.......     100%        5    ######.
 Iron Shot                Conj/Erth      #.........   100%        6    #######
 Shadow Creatures         Summ           N/A          100%        6    #######
 Statue Form              Tmut/Erth      #........    100%        6    #######
 Shatter                  Erth           #.........   100%        9    #######


Dungeon Overview and Level Annotations

Branches:
Dungeon (15/15)            Temple (1/1) D:5            Lair (6/6) D:10
  Swamp (4/4) Lair:4       Spider (0/4) Lair:3        Slime (0/5) Lair:5
    Orc (2/2) D:12            Elf (0/3) Orc:2        Vaults (0/5) D:14
 Depths (0/5) D:15          IceCv (visited)         Volcano (visited)
Gauntlet (visited)

Altars:
Ashenzari
Dithmenos
Elyvilon
Fedhas
Gozag
Kikubaaqudgha
Okawaru
Qazlal
Ru
Sif Muna
Trog
Uskayaw
Vehumet
Wu Jian
Xom
Yredelemnul
Beogh
Jiyva

Shops:
D:5 [   D:11 (=((=(   D:14 (   D:15 *   Orc:1 %   Orc:2 *[=[%

Annotations:
Swamp:4 Bai Suzhen, Louise


Innate Abilities, Weirdness & Mutations

You reflexively headbutt those who attack you in melee.
You have a pair of large horns on your head.
You are partially covered in molten scales. (AC +2)


Message History

Branches wave dangerously above you.
You are hit by a branch.
* * * LOW HITPOINT WARNING * * *
The swamp worm throws harpoon shot at you.
The harpoon shot is repelled.
The spriggan druid looks as sick as possible!
The alligator is engulfed in poison gas.
The alligator looks as sick as possible!
A swamp worm comes into view.
The alligator is engulfed in poison gas.
The alligator looks as sick as possible!
The seven-headed hydra closely misses you.
You furiously retaliate!
You headbutt the seven-headed hydra!!
You riposte.
You slash the seven-headed hydra! You burn the seven-headed hydra.
You headbutt the seven-headed hydra!!
The seven-headed hydra is almost dead.
You block the seven-headed hydra's attack.
The seven-headed hydra bites you!
You die...
Your body crumbles into a pile of gold.

♣°§♣♣..≈. ♣♣wi♣
♣♣i... .≈
♣☼.t♣♣♣♣♣kD♣ w≈♣
♣♣○○w≈♣♣.D.♣♣♣k.§
♣.°°≈≈..≈.≈♣≈.DD
≈.≈≈t≈≈DkD....t.
♣.≈≈...≈.k≈.D.♣
♣♣≈≈.≈♣!.D§§≈♣
♣≈≈♣♣≈≈♣@≈.♣
♣♣♣♣♣..D.≈≈♣
♣≈...≈.≈♣#
♣≈≈≈...≈. $
♣.≈≈≈≈.≈♣#
♣♣...♣..§
♣≈....≈.
♣♣≈♣≈≈.≈. $


You could see 3 fire dragons, 2 alligators, an eight-headed hydra, 2
seven-headed hydras, a six-headed hydra, 2 swamp dragons, a spriggan rider, a
fire crab, a lindwurm, a spriggan druid, 3 swamp worms and 3 swamp drakes.

Vanquished Creatures
  Gastronok (D:11)
  2 thorn hunters
  A fire giant (D:15)
  A minotaur (Gauntlet)
  An ettin (D:14)
  An ogre mage (Volcano)
  Harold (D:11)
  7 hydras
  A vault guard (D:14)
  5 centaur warriors
  2 ice dragons (IceCv)
  A ghost crab (Swamp:4)
  2 catoblepae
  8 alligators
  Erica (D:9)
  15 two-headed ogres
  The ghost of Feupoapp the Slicer, a journeyman HaGl of Uskayaw (D:11)
  10 death yaks (Lair:5)
  5 orc high priests (Orc:2)
  5 tengu warriors
  Sonja (Lair:2)
  A hell knight (Volcano)
  A fire crab (Gauntlet)
  A deep troll (D:14)
  A spriggan druid (Swamp:1)
  A lindwurm (Lair:2)
  A wizard (D:15)
  An unseen horror (D:10)
  3 swamp dragons
  12 orc knights
  A deep elf mage (D:15)
  An orc sorcerer (Orc:1)
  4 cyclopes
  An oklob plant (Lair:3)
  26 slime creatures
  3 ice statues
  13 ugly things
  A moth of wrath (D:14)
  6 centaur zombies
  8 elephants
  14 spiny frogs
  Psyche (D:10)
  A torpor snail (Lair:6)
  4 black mambas
  A gargoyle (D:15)
  4 rime drakes
  A rime drake (shapeshifter) (D:15)
  2 kobold demonologists (D:10)
  An ice devil (Gauntlet)
  4 komodo dragons
  A queen bee (Gauntlet)
  4 tengu conjurers
  5 tyrant leeches
  11 trolls
  14 hornets
  Grinder (D:5)
  5 polar bears
  A wind drake (shapeshifter) (D:13)
  A meliai zombie (D:14)
  7 blink frogs
  5 bog bodies
  8 hippogriffs
  A redback (Lair:3)
  6 shadows
  A centaur simulacrum (D:15)
  A water elemental (D:15)
  21 spriggans
  A tarantella (shapeshifter) (D:14)
  Sigmund (D:3)
  2 wraiths
  5 wyverns
  36 yaks
  3 fire bats (Gauntlet)
  3 basilisks
  6 vampire mosquitoes
  Edmund (D:5)
  Menkaure (D:7)
  10 insubstantial wisps
  9 swamp worms
  2 soldier ants
  3 wargs
  An acid dragon (D:11)
  6 swamp drakes
  2 porcupines
  18 water moccasins
  24 ice beasts
  5 black bears
  32 orc warriors
  4 eyes of draining
  3 phantoms
  4 sky beasts
  3 boggarts (Lair:6)
  8 ogres
  13 centaurs
  19 wolves
  12 crocodiles
  2 big kobolds
  16 bullfrogs
  A wyvern skeleton (D:14)
  4 scorpions
  16 killer bees
  19 wights
  2 electric eels (Lair:3)
  5 howler monkeys
  2 bullfrog zombies
  5 crimson imps
  5 jellies
  A quasit (D:7)
  6 hounds
  A bullfrog skeleton (D:11)
  9 centaur skeletons
  25 orc priests
  3 iguanas
  17 orc wizards
  11 worker ants
  A killer bee zombie (D:8)
  2 hound skeletons
  10 adders
  8 gnolls
  7 shadow imps
  4 white imps (Gauntlet)
  2 oozes
  2 adder skeletons
  3 worms
  2 dart slugs
  7 leopard geckos
  92 orcs
  2 ball pythons
  4 giant cockroaches
  12 goblins
  12 hobgoblins
  6 jackals
  7 quokkas
  7 bats
  7 frilled lizards
  A jackal skeleton (D:6)
  21 kobolds
  A leopard gecko zombie (D:6)
  A quokka skeleton (D:5)
  14 rats
  2 briar patches (Swamp:2)
  A bush (Lair:3)
  2 plants
911 creatures vanquished.

Vanquished Creatures (others)
  The ghost of Nulyepp the Peltast, a journeyman BaFE of Sif Muna (D:14)
  A cyclops (D:15)
  2 demonic plants (Gauntlet)
  18 fungi
  7 plants
29 creatures vanquished.

Grand Total: 940 creatures vanquished

Notes
Turn   | Place    | Note
-------+----------+-------------------------------------------
     0 | D:1      | Peloso the Minotaur Fighter began the quest for the Orb.
     0 | D:1      | Reached XP level 1. HP: 19/19 MP: 0/0
   210 | D:1      | Reached XP level 2. HP: 27/27 MP: 1/1
   808 | D:2      | Reached skill level 4 in Shields
   808 | D:2      | Reached XP level 3. HP: 26/33 MP: 2/2
  1269 | D:2      | Reached XP level 4. HP: 39/40 MP: 3/3
  1323 | D:2      | Found a shadowy altar of Dithmenos.
  1351 | D:2      | Found a shimmering altar of Xom.
  1504 | D:3      | Noticed Sigmund
  1514 | D:3      | Killed Sigmund
  1514 | D:3      | Reached skill level 5 in Long Blades
  1514 | D:3      | Reached XP level 5. HP: 47/47 MP: 4/4
  1558 | D:3      | Found a hide-covered altar of Uskayaw.
  1673 | D:2      | Found a shattered altar of Ashenzari.
  1706 | D:3      | Reached XP level 6. HP: 52/55 MP: 5/5
  1708 | D:3      | Reached skill level 5 in Fighting
  2331 | D:4      | Reached skill level 5 in Shields
  2336 | D:4      | HP: 1/56 [orc priest/divine providence (9)]
  2346 | D:4      | Reached skill level 5 in Armour
  3019 | D:5      | Entered Level 5 of the Dungeon
  3131 | D:5      | Found a staircase to the Ecumenical Temple.
  3188 | D:5      | Reached XP level 7. HP: 42/61 MP: 6/6
  3235 | Temple   | Entered the Ecumenical Temple
  3277 | Temple   | Became a worshipper of Gozag Ym Sagoz the Greedy
  3365 | D:5      | Reached skill level 1 in Dodging
  3432 | D:5      | Found Geykk's Armour Shop.
  3440 | D:5      | Noticed Edmund
  3479 | D:5      | Killed Edmund
  3570 | D:5      | Noticed Grinder
  3581 | D:5      | Paralysed by Grinder for 3 turns
  3600 | D:5      | Killed Grinder
  3600 | D:5      | Reached skill level 6 in Shields
  3600 | D:5      | Reached XP level 8. HP: 17/70 MP: 7/7
  4878 | D:6      | Found Tiaf's Food Boutique.
  5167 | D:7      | Reached skill level 7 in Shields
  5499 | D:7      | Noticed a hippogriff
  5509 | D:7      | Killed a hippogriff
  5509 | D:7      | Reached XP level 9. HP: 74/78 MP: 8/8
  5567 | D:7      | Noticed Menkaure
  5577 | D:7      | Killed Menkaure
  5888 | D:8      | You fall into a shaft and drop 3 floors!
  6064 | D:11     | Reached skill level 8 in Shields
  6128 | D:11     | Reached skill level 10 in Long Blades
  6144 | D:11     | Noticed Gastronok
  6272 | D:10     | Entered Level 10 of the Dungeon
  6536 | D:10     | Noticed a troll
  6552 | D:10     | Killed a troll
  6705 | D:10     | Reached skill level 9 in Shields
  6716 | D:10     | Reached XP level 10. HP: 64/88 MP: 9/9
  6948 | D:9      | Paralysed by a hornet for 3 turns
  7323 | D:9      | Found an iron altar of Okawaru.
  7366 | D:9      | Found a radiant altar of Vehumet.
  7475 | D:9      | Noticed a moth of wrath
  7477 | D:9      | Found a bloodstained altar of Trog.
  7754 | D:8      | Found an iron altar of Okawaru.
  7848 | D:8      | Noticed a centaur warrior
  7862 | D:8      | Killed a centaur warrior
  7862 | D:8      | Reached skill level 1 in Stealth
  8056 | D:8      | Noticed Erica
  8458 | D:9      | Killed Erica
  8458 | D:9      | Reached skill level 10 in Shields
  9038 | D:8      | Found an iron altar of Okawaru.
  9263 | D:10     | Noticed Psyche
  9278 | D:10     | Killed Psyche
  9307 | D:10     | Reached XP level 11. HP: 36/97 MP: 10/10
  9676 | D:10     | Killed an unseen horror
  9676 | D:10     | Reached skill level 10 in Armour
  9676 | D:10     | Reached skill level 11 in Shields
  9802 | D:10     | Noticed a two-headed ogre
  9807 | D:10     | Killed a two-headed ogre
  9867 | D:10     | Noticed a soul eater
  9873 | D:10     | Gained mutation: Scrolls take you a little longer to read.
                  | [a neqoxec]
  9972 | D:10     | Found a staircase to the Lair.
 10108 | D:11     | Reached skill level 1 in Evocations
 10179 | D:11     | Noticed Harold
 10199 | D:11     | Killed Harold
 10261 | D:11     | Reached skill level 10 in Fighting
 10489 | D:11     | Found a runed translucent door.
 10535 | D:11     | Identified the +3 spear "Jajikluu" {holy, rF+ rC+ MP+9}
 10536 | D:11     | Noticed a spriggan rider
 10536 | D:11     | Noticed Feupoapp's ghost (journeyman HaGl)
 10723 | D:11     | Killed Gastronok
 10723 | D:11     | Reached skill level 12 in Shields
 11211 | D:11     | Killed Feupoapp's ghost
 11211 | D:11     | Reached XP level 12. HP: 39/107 MP: 11/11
 11842 | D:5      | Bought +1 gold dragon scales for 1044 gold pieces
 11915 | D:6      | Bought a ration for 65 gold pieces
 11915 | D:6      | Bought a ration for 65 gold pieces
 11915 | D:6      | Bought a ration for 65 gold pieces
 11915 | D:6      | Bought a ration for 65 gold pieces
 11915 | D:6      | Bought a ration for 65 gold pieces
 11915 | D:6      | Bought a ration for 65 gold pieces
 11915 | D:6      | Bought a ration for 65 gold pieces
 11915 | D:6      | Bought a ration for 65 gold pieces
 11915 | D:6      | Bought a ration for 65 gold pieces
 12080 | D:12     | Noticed a centaur warrior
 12088 | D:12     | Killed a centaur warrior
 12093 | D:12     | Noticed a two-headed ogre
 12103 | D:12     | Killed a two-headed ogre
 12420 | D:12     | Found a staircase to the Orcish Mines.
 12427 | D:12     | Found a roughly hewn altar of Beogh.
 12963 | Lair:1   | Entered Level 1 of the Lair of Beasts
 13742 | Lair:2   | Noticed a catoblepas
 13771 | Lair:2   | Killed a catoblepas
 13771 | Lair:2   | Reached skill level 13 in Shields
 13829 | Lair:2   | Found a gate leading to a gauntlet.
 13838 | Gauntlet | Entered a Gauntlet
 13838 | Gauntlet | Found a transporter.
 13838 | Gauntlet | Found a transporter.
 13838 | Gauntlet | Found a transporter.
 13857 | Gauntlet | Found a transporter.
 13859 | Gauntlet | Found a transporter.
 13869 | Gauntlet | Found a transporter.
 13890 | Gauntlet | Found a transporter.
 13923 | Gauntlet | Found a transporter.
 13933 | Gauntlet | Found a transporter.
 13948 | Gauntlet | Found a transporter.
 13958 | Gauntlet | Found a transporter.
 13973 | Gauntlet | Found a transporter.
 14274 | Gauntlet | Reached XP level 13. HP: 109/116 MP: 12/12
 14298 | Gauntlet | Noticed a minotaur
 14312 | Gauntlet | Killed a minotaur
 14316 | Gauntlet | Found the +0 pair of fencer's gloves {Riposte Dex+3}
 14320 | Gauntlet | Got a crystal long sword
 14321 | Gauntlet | Identified the cursed +3 long sword of Annihilation {pain,
                  | Int+4} (You found it in a Gauntlet)
 14343 | Gauntlet | Got a crystal whip
 14393 | Lair:2   | Found a dark tunnel.
 14402 | Volcano  | Entered a volcano
 14799 | Lair:2   | Reached skill level 14 in Shields
 15026 | D:11     | Identified the +11 whip of the Invisible Stories {slash,
                  | rPois MR+ Int-2} (You found it in a Gauntlet)
 15585 | Lair:2   | Noticed Sonja
 15594 | Lair:2   | Killed Sonja
 15778 | Lair:2   | Found the +8 whip "Snakebite" {curare, rPois}
 16343 | Lair:3   | Found a hole to the Spider Nest.
 16940 | Lair:4   | Found a staircase to the Swamp.
 17006 | Lair:4   | Reached skill level 15 in Long Blades
 17765 | Lair:5   | Found a runed translucent door.
 17765 | Lair:5   | Found a viscous altar of Jiyva.
 17766 | Lair:5   | Found a staircase to the Slime Pits.
 18138 | Lair:5   | Reached XP level 14. HP: 118/127 MP: 14/14
 18374 | Lair:5   | Reached skill level 15 in Shields
 18850 | D:11     | Lost mutation: Scrolls take you a little longer to read.
                  | [potion of mutation]
 18850 | D:11     | Gained mutation: You have a pair of large horns on your
                  | head. [potion of mutation]
 18850 | D:11     | Gained mutation: You are partially covered in molten
                  | scales. (AC +2) [potion of mutation]
 18950 | Orc:1    | Entered Level 1 of the Orcish Mines
 19221 | Orc:1    | Found Ettenlui's Food Boutique.
 19475 | Orc:2    | Entered Level 2 of the Orcish Mines
 19475 | Orc:2    | Found a roughly hewn altar of Beogh.
 19566 | Orc:2    | HP: 2/129 [orc warrior/+0 battleaxe (27)]
 20414 | Orc:2    | Found Zuehistruscho's Armour Shop.
 20419 | Orc:2    | Found Jeerioq's Armour Boutique.
 20419 | Orc:2    | Found Eruaxuus's Jewellery Shop.
 20421 | Orc:2    | HP: 6/129 [orc priest/divine providence (16)]
 20445 | Orc:2    | HP: 3/129 [orc knight/+0 war axe (10)]
 21186 | Orc:2    | Found a staircase to the Elven Halls.
 21888 | Orc:2    | Found Jiluegiw's Mass Market.
 22038 | Orc:2    | Found Binnoahi's Food Shop.
 22441 | D:13     | Reached skill level 16 in Shields
 22615 | D:13     | Reached skill level 15 in Armour
 23189 | D:14     | Found a transporter.
 23192 | D:14     | Noticed Nulyepp's ghost (journeyman BaFE)
 23192 | D:14     | Identified the +4 giant spiked club "Ylunix" {freeze, rElec
                  | Int+2 Dex+4}
 23193 | D:14     | Found a bloodstained altar of Trog.
 23193 | D:14     | Identified the +4 morningstar of Psychosis {antimagic, +Fly
                  | Str+4}
 23203 | D:14     | Identified the +9 great sword of the Warrior {venom, rPois
                  | rC- Str+4 Stlth+}
 23329 | D:14     | Found a gate to the Vaults.
 23440 | D:14     | Reached XP level 15. HP: 137/138 MP: 15/15
 23597 | D:14     | Found a portal to a secret trove of treasure.
 23801 | D:14     | Found Wokogel's Weapon Shop.
 23932 | D:14     | Found a transporter.
 24397 | D:15     | Entered Level 15 of the Dungeon
 24536 | D:15     | Found a frozen archway.
 24566 | IceCv    | Entered an ice cave
 25181 | IceCv    | Got a twitching brass ring
 25183 | IceCv    | Identified the ring "Kofyelill" {Fire *Slow +Blink rPois
                  | Stlth+} (You found it in an ice cave)
 25187 | IceCv    | Got a twitching crystal amulet
 25189 | IceCv    | Identified the amulet of Aczogici {Reflect Str+2 Int+4
                  | SH+3} (You found it in an ice cave)
 25191 | IceCv    | Got a faintly glowing bronze ring
 25193 | IceCv    | Identified the ring "Hyetiol" {Slay+4 SInv} (You found it
                  | in an ice cave)
 25398 | D:15     | Found a staircase to the Depths.
 25398 | D:15     | Noticed a fire giant
 25425 | D:15     | Reached skill level 17 in Shields
 25430 | D:15     | Killed a fire giant
 25471 | D:15     | Found Kixzipt's Assorted Antiques.
 25479 | D:15     | Bought a scroll labeled GEIPAT XU KEN for 36 gold pieces
 25479 | D:15     | Bought a potion of might for 144 gold pieces
 25960 | D:15     | Found a blossoming altar of Fedhas.
 26314 | D:11     | Reached skill level 1 in Throwing
 26314 | D:11     | Reached skill level 5 in Dodging
 26314 | D:11     | Reached skill level 1 in Unarmed Combat
 26314 | D:11     | Reached XP level 16. HP: 147/147 MP: 16/16
 26486 | Lair:6   | Entered Level 6 of the Lair of Beasts
 26550 | Lair:6   | Reached skill level 15 in Fighting
 28878 | D:14     | Killed Nulyepp's ghost
 29382 | Swamp:1  | Entered Level 1 of the Swamp
 29390 | Swamp:1  | Reached XP level 17. HP: 153/156 MP: 17/17
 29462 | Swamp:1  | Reached skill level 18 in Shields
 31543 | Swamp:3  | Found an ornate altar of the Wu Jian Council.
 31948 | Swamp:4  | Entered Level 4 of the Swamp
 31960 | Swamp:4  | Noticed Bai Suzhen
 31962 | Swamp:4  | Noticed Louise
 31976 | Swamp:4  | HP: 7/158 [spriggan druid/angry trees (7)]
 31978 | Swamp:4  | Slain by a seven-headed hydra

Levels and vault maps discovered:
D:1:      nicolae_arrival_memento_mori, layout_loops_corners,
          serial_bayou_pond_c
D:2:      lemuel_upstairs_altar, layout_basic, minitemple
D:3:      layout_basic, old_standard_altar, first_ration, uniq_sigmund
D:4:      layout_cave_pools
D:5:      layout_basic, minmay_temple_entry_enclosed_plants, serial_shops,
          nicolae_shop_behind_doors, grunt_ministairs_3, uniq_grinder,
          uniq_edmund
D:6:      layout_cave_pools, serial_shops, nicolae_shop_behind_doors
D:7:      layout_loops_corners, chequers_serial_rivers_room_b, uniq_menkaure
D:8:      layout_basic, okawaru_ov_weapons_minmay, basic_altar, uniq_erica
D:9:      layout_irregular_city, tgw_trog, vehumet_altar_wand_db, basic_altar,
          hangedman_pestilent_swarm
D:10:     layout_rooms, grunt_lair_entry_orc_guard_hut, uniq_psyche
D:11:     layout_big_octagon, ebering_ghost_funeral_grove, uniq_gastronok,
          uniq_harold
D:12:     layout_irregular_city, minmay_orc_entry_temple_small,
          solitary_fountain
D:13:     layout_loops_ring
D:14:     layout_loops_corners, david_vaults_5, enter_trove_2, serial_shops,
          shop, gammafunk_ghost_wrathful_warriors
D:15:     grunt_enter_depths_giant_problem, layout_stronghold, abandoned_shop,
          serial_shops, nicolae_shop_overgrown_old_shop,
          portal_ice_cave_entry_ice_beasts, palyth_stone_intersect,
          nicolae_lava_and_water, fedhas_altar_4
Temple:   eino_temple_rhombus
Lair:1:   layout_chaotic_city, serial_forest, infiniplex_forest_lined_2,
          infiniplex_forest_clump_medium, infiniplex_forest_straight_4,
          infiniplex_forest_clump_curved, infiniplex_forest_clump_small,
          infiniplex_forest_clump_medium, infiniplex_forest_zigzag_1,
          lemuel_old_faithful
Lair:2:   minmay_guarded_unrand_snakebite, layout_regular_city,
          nicolae_volcano_entry_vermiform, gauntlet_entry_generic, uniq_sonja
Lair:3:   layout_gridlike, spider_nest_entry_rubble, minmay_lair_oklob_items
Lair:4:   layout_long_grid, skrybe_swamp_entry_bodies
Lair:5:   layout_regular_city, slime_altar_2, grunt_megastairs_4
Lair:6:   minmay_lair_end_enchanted_forest, layout_loops_ring
Swamp:1:  layout_falls_marsh, evilmike_swamp_ruin_rubble_1
Swamp:2:  layout_falls_marsh, hangedman_swamp_blocks
Swamp:3:  layout_basic_swamp, nicolae_swamp_godswood
Swamp:4:  swamp_fiery, layout_basic_swamp, nicolae_swamp_necromancer_hut,
          uniq_donald, uniq_mara, uniq_louise, uniq_bai_suzhen
Orc:1:    layout_diamond_mine, serial_shops, shop
Orc:2:    st_orc_pillars, layout_diamond_mine, basic_altar, minmay_shop_mass,
          nicolae_orc_sculptors_studio

Skill      XL: |  1  2  3  4  5  6  7  8  9 10 11 12 13 14 15 16 17 |
---------------+----------------------------------------------------+-----
Fighting       | 4 5 6 8 9 10 11 12 14 15 16 | 16.1
Armour         | 4 5 6 7 8 9 11 12 14 15 16 | 16.7
Shields        | 4 5 6 7 9 10 12 13 14 16 17 18 | 18.9
Long Blades    | 3 5 6 7 9 10 11 13 14 15 16 17 | 17.5
Dodging        | 1 2 3 4 5 |  5.0
Stealth        | 1 2 3 |  3.8
Evocations     | 1 2 |  2.1
Throwing       | 1 |  1.3
Unarmed Combat | 1 |  1.5
Spellcasting   | |  0.8

Action                   |  1- 3 |  4- 6 |  7- 9 | 10-12 | 13-15 | 16-18 || total
-------------------------+-------+-------+-------+-------+-------+-------++-------
Melee: Long sword        |    90 |   125 |   268 |       |       |       ||   483
       Headbutt          |    16 |    28 |    82 |   179 |   375 |   172 ||   852
       Falchion          |       |       |    66 |   153 |       |       ||   219
       Scimitar          |       |       |       |   580 |  1192 |   527 ||  2299
Invok: Call Merchant     |       |       |       |       |     6 |       ||     6
       Potion Petition   |       |       |       |       |     1 |       ||     1
Evoke: Wand              |       |       |     4 |     4 |     2 |       ||    10
  Use: Potion            |     1 |     4 |     2 |       |     9 |     4 ||    20
       Scroll            |       |     6 |     3 |    13 |    10 |     8 ||    40
 Stab: Distracted        |       |       |     2 |       |     9 |     1 ||    12
       Paralysed         |       |       |       |       |     1 |       ||     1
       Confused          |       |       |       |       |     1 |     2 ||     3
  Eat: Chunk             |     1 |     6 |       |       |       |       ||     7
       Ration            |       |       |     4 |     7 |    11 |     6 ||    28
Armor: Scale mail        |    42 |    50 |    31 |       |       |       ||   123
       Chain mail        |       |       |   136 |   204 |       |       ||   340
       Gold dragon scale |       |       |       |   226 |   507 |   275 ||  1008
Dodge: Dodged            |    31 |    43 |    91 |   170 |   240 |   139 ||   714
       Deflected         |       |       |       |     1 |    15 |     9 ||    25
Block: Shield            |    51 |    62 |   199 |   474 |   736 |   489 ||  2011
       Reflection        |       |       |       |       |     6 |    11 ||    17
       Rpst.: Long sword |     7 |    17 |    14 |       |       |       ||    38
       Falchion          |       |       |     7 |    15 |       |       ||    22
       Scimitar          |       |       |       |    28 |   113 |    48 ||   189

Table legend:
 A = Non-vault XP
 B = Vault XP
 C = Vault XP percentage of total XP
 D = Non-vault monster count
 E = Vault monster count
 F = Vault count percentage of total count
                 A         B        C        D         E       F
            +---------+---------+-------+---------+---------+-------
      Total |  129993 |   68833 |  34.6 |     664 |     244 |  26.9
            +---------+---------+-------+---------+---------+-------
        D:1 |      31 |       0 |   0.0 |      19 |       0 |   0.0
        D:2 |      99 |       0 |   0.0 |      37 |       0 |   0.0
        D:3 |     116 |     208 |  64.2 |      26 |       1 |   3.7
        D:4 |     255 |       0 |   0.0 |      16 |       0 |   0.0
        D:5 |     598 |     480 |  44.5 |      18 |       8 |  30.8
        D:6 |     648 |       0 |   0.0 |      22 |       0 |   0.0
        D:7 |     788 |     172 |  17.9 |      17 |       1 |   5.6
        D:8 |    1800 |       0 |   0.0 |      17 |       0 |   0.0
        D:9 |     505 |    1643 |  76.5 |      14 |      11 |  44.0
       D:10 |    5364 |     858 |  13.8 |      39 |       5 |  11.4
       D:11 |    4872 |    5516 |  53.1 |      35 |       9 |  20.5
       D:12 |    6543 |     123 |   1.8 |      38 |       5 |  11.6
       D:13 |    5067 |       0 |   0.0 |      27 |       0 |   0.0
       D:14 |   13637 |   13402 |  49.6 |      38 |      19 |  33.3
       D:15 |   10649 |    2468 |  18.8 |      31 |       9 |  22.5
     Lair:1 |    2217 |       0 |   0.0 |      11 |       0 |   0.0
     Lair:2 |    5075 |    3497 |  40.8 |      19 |      16 |  45.7
     Lair:3 |    2034 |     784 |  27.8 |      15 |       2 |  11.8
     Lair:4 |    5270 |     419 |   7.4 |      19 |       2 |   9.5
     Lair:5 |   12535 |     802 |   6.0 |      24 |       2 |   7.7
     Lair:6 |    5865 |    8737 |  59.8 |      24 |      43 |  64.2
    Swamp:1 |    9798 |       0 |   0.0 |      22 |       0 |   0.0
    Swamp:2 |   15147 |       0 |   0.0 |      43 |       0 |   0.0
    Swamp:3 |   13359 |       0 |   0.0 |      33 |       0 |   0.0
    Swamp:4 |    2982 |       0 |   0.0 |       4 |       0 |   0.0
      Orc:1 |    3068 |     990 |  24.4 |      35 |       4 |  10.3
      Orc:2 |    1671 |   11568 |  87.4 |      21 |      60 |  74.1
      IceCv |       0 |    5410 | 100.0 |       0 |      20 | 100.0
    Volcano |       0 |    7268 | 100.0 |       0 |       8 | 100.0
   Gauntlet |       0 |    4488 | 100.0 |       0 |      19 | 100.0
            +---------+---------+-------+---------+---------+-------
